AoeStats
← Red Calypso

African Clearing

505575159Analyzed
4v4 RM · 23d ago on Sep 10, 2026· 56m 18s· 8 players
Game mode
Random Map
Map size
Large (8 player)
Population
200
Speed
Normal
Resources
Standard
Victory
Conquest
Starting age
Dark Age
Ending age
Imperial Age
RankedLock teamsTeams togetherTeam positionsShared explorationLock speedFull tech treeHidden civsTurbo modeCheats
Victory
Defeat
🇺🇸 Berbers · United States
1435
+14
🇨🇦 Lithuanians · Canada
1420
+14
🇦🇹 Vietnamese · Austria
1419
+14
🇵🇪 Magyars · Peru
1306
+20
🇨🇳 Berbers · China
1468
-19
🇨🇳 Japanese · China
1369
-15
🇦🇺 Georgians · Australia
1361
-15
🇨🇱 Lithuanians · Chile
1321
-13
enzoyin68
11:00 Loom
13:04 Feudal Age
14:16 Double-Bit Axe
17:25 Castle Age
15:36 Horse Collar
18:35 Bow Saw
18:35 Gold Mining
21:28 Fletching
25:20 Ballistics
25:29 Bodkin Arrow
28:21 Padded Archer Armor
31:12 Kasbah
32:02 Husbandry
32:58 Stone Mining
34:07 Wheelbarrow
34:49 Treadmill Crane
36:21 Bloodlines
36:56 Hand Cart
40:47 Imperial Age
39:37 Thumb Ring
39:54 Leather Archer Armor
41:43 Bracer
42:07 Conscription
41:41 Elite Genitour
43:31 Chemistry
43:25 Ring Archer Armor
42:42 Heavy Camel Rider
43:33 Scale Barding Armor
43:39 Forging
43:55 Light Cavalry
44:18 Elite Camel Archer
45:34 Hoardings
45:41 Heavy Plow
46:15 Chain Barding Armor
46:31 Iron Casting
50:50 Plate Barding Armor
51:22 Blast Furnace
Josephine Explosiphine
10:40 Feudal Age
8:56 Loom
11:14 Double-Bit Axe
16:13 Scale Barding Armor
17:26 Forging
25:28 Fletching
30:52 Castle Age
29:52 Bloodlines
33:30 Horse Collar
36:31 Castle Age
37:51 Wheelbarrow
41:26 Heavy Plow
41:39 Bow Saw
47:05 Stone Mining
47:12 Gold Mining
48:29 Hand Cart
48:51 Guard Tower
49:22 Ballistics
49:53 Treadmill Crane
50:23 Masonry
51:21 Stone Shaft Mining
51:27 Svan Towers
51:28 Bodkin Arrow
54:44 Imperial Age
53:33 Murder Holes
54:18 Iron Casting
54:04 Chain Barding Armor
妙手回春
11:59 Feudal Age
11:35 Loom
13:48 Double-Bit Axe
16:54 Fletching
22:32 Castle Age
21:27 Padded Archer Armor
23:02 Crossbowman
27:35 Wheelbarrow
32:48 Horse Collar
41:59 Scale Mail Armor
44:59 Bodkin Arrow
46:24 Leather Archer Armor
47:30 Elite Skirmisher
49:06 Pikeman
49:47 Squires
AiM | XiøFabrY
3:51 Loom
13:42 Feudal Age
14:23 Double-Bit Axe
18:32 Castle Age
19:12 Light Cavalry
22:21 Fervor
23:52 Sanctity
29:01 Wheelbarrow
29:27 Horse Collar
30:08 Redemption
30:55 Bloodlines
30:57 Town Watch
32:44 Pikeman
33:25 Squires
37:46 Imperial Age
35:46 Husbandry
36:13 Ballistics
36:02 Heavy Plow
39:05 Conscription
39:56 Chemistry
39:44 Block Printing
41:11 Illumination
40:59 Scale Mail Armor
41:11 Forging
41:28 Fletching
42:03 Tower Shields
41:40 Elite Skirmisher
43:32 Theocracy
43:43 Thumb Ring
43:40 Padded Archer Armor
48:14 Leather Archer Armor
48:21 Bodkin Arrow
49:26 Scale Barding Armor
50:43 Iron Casting
52:13 Chain Barding Armor
51:52 Halberdier
52:41 Bracer
52:57 Gold Mining
52:58 Stone Mining
53:50 Ring Archer Armor
54:08 Chain Mail Armor
56:11 Plate Barding Armor
55:45 Winged Hussar
GOAT Gobz
3:49 Loom
13:25 Feudal Age
18:26 Castle Age
18:16 Double-Bit Axe
26:35 Wheelbarrow
26:37 Scale Barding Armor
28:50 Herbal Medicine
35:11 Chain Barding Armor
35:13 Bow Saw
37:30 Town Watch
38:21 Wheelbarrow
39:51 Hand Cart
40:34 Hill Forts
41:28 Fletching
41:38 Padded Archer Armor
46:22 Imperial Age
44:05 Bodkin Arrow
47:00 Pikeman
48:18 Halberdier
49:25 Conscription
51:45 Plate Barding Armor
51:56 Ballistics
52:54 Chemistry
51:55 Bracer
52:07 Forging
53:55 Masonry
53:25 Treadmill Crane
53:57 Masonry
54:45 Forging
55:07 Bracer
55:08 Scale Mail Armor
56:24 Iron Casting
Ice2207
11:36 Loom
13:41 Feudal Age
17:29 Castle Age
15:33 Double-Bit Axe
16:54 Fletching
19:14 Bodkin Arrow
21:21 Bow Saw
24:07 Town Watch
28:33 Bloodlines
28:21 Horse Collar
29:09 Ballistics
29:53 Husbandry
31:56 Padded Archer Armor
32:46 Wheelbarrow
32:46 Heavy Plow
34:02 Leather Archer Armor
34:58 Hand Cart
38:04 Imperial Age
36:27 Thumb Ring
36:32 Kasbah
37:42 Masonry
38:50 Bracer
39:54 Chemistry
38:23 Elite Camel Archer
39:05 Light Cavalry
40:17 Ring Archer Armor
39:53 Scale Barding Armor
40:42 Maghrebi Camels
41:03 Conscription
42:17 Forging
44:45 Chain Barding Armor
44:20 Heavy Camel Rider
45:52 Siege Engineers
47:41 Plate Barding Armor
56:29 Iron Casting
Red Calypso
4:56 Loom
13:27 Feudal Age
16:57 Double-Bit Axe
19:20 Fletching
20:29 Padded Archer Armor
29:06 Castle Age
30:21 Bow Saw
33:37 Bodkin Arrow
39:34 Imperial Age
38:24 Leather Archer Armor
38:51 Wheelbarrow
39:42 Hand Cart
39:22 Horse Collar
40:41 Bracer
42:57 Chemistry
42:37 Ballistics
42:31 Thumb Ring
44:48 Stone Mining
44:48 Gold Mining
46:18 Ring Archer Armor
48:10 Two-Man Saw
47:49 Heavy Plow
51:18 Hand Cart
50:37 Pikeman
51:34 Scale Mail Armor
52:06 Elite Skirmisher
52:49 Imperial Skirmisher
54:15 Crop Rotation
J10KQ
12:42 Feudal Age
14:35 Loom
21:10 Double-Bit Axe
25:03 Castle Age
24:50 Bloodlines
26:07 Husbandry
33:57 Scale Barding Armor
38:32 Chain Barding Armor
41:11 Fletching
42:53 Bodkin Arrow
48:17 Horse Collar
55:58 Imperial Age
53:36 Corvinian Army
55:07 Town Watch
57:19 Plate Barding Armor
57:07 Conscription
Connection lost

Rejoining the realm…

Still unreachable

The connection could not be restored.

Session expired

The server has moved on; the page needs a fresh start.